 Dungeon Crawl Stone Soup version 0.23-a0-335-gba3dfdf (webtiles) character file.

35 namelastname112 the Skirmisher (level 3, -4/36 HPs)
             Began as a Draconian Wanderer on Oct 18, 2018.
             Slain by a worm (11 damage)
             ... on level 2 of the Dungeon.
             The game lasted 00:01:42 (779 turns).

namelastname112 the Skirmisher (Draconian Wanderer)  Turns: 779, Time: 00:01:42

Health: -4/36      AC:  5    Str: 11    XL:     3   Next: 17%
Magic:  3/3        EV: 12    Int: 13    God:
Gold:   53         SH:  0    Dex: 13    Spells: 2/2 levels left

rFire    . . .     SeeInvis .   f - +0 short sword (drain)
rCold    + . .     Gourm    .   (no shield)
rNeg     . . .     Faith    .   (armour unavailable)
rPois    .         Spirit   .   (helmet restricted)
rElec    .         Reflect  .   (no cloak)
rCorr    .         Harm     .   (no gloves)
MR       .....                  (no boots)
Stlth    +.........             (no amulet)
HPRegen  0.12/turn              m - ring of protection from cold
MPRegen  0.08/turn              (no ring)

@: slowed, very slow
A: unfitting armour, cold-blooded, AC +5
a: no special abilities


You were on level 2 of the Dungeon.
You were not hungry.

You visited 1 branch of the dungeon, and saw 2 of its levels.

You collected 53 gold pieces.

Inventory:

Hand Weapons
 a - a +2 hand axe
 f - a +0 short sword of draining (weapon)
Jewellery
 m - a ring of protection from cold (left hand)
Scrolls
 h - a scroll of remove curse {unknown}
 j - a scroll of immolation {unknown}
 l - a scroll of random uselessness {unknown}
 n - a scroll of identify {unknown}
Potions
 b - a potion of berserk rage {unknown}
 g - a potion of lignification {unknown}
 i - a potion of degeneration {unknown}
 k - a potion of heal wounds {unknown}
Comestibles
 d - 2 rations


   Skills:
 + Level 5.0 Fighting
 - Level 1.0 Short Blades
 - Level 2.0 Axes
 - Level 1.0 Throwing
 + Level 2.1 Dodging
   Level 1.0 Evocations


You had 2 spell levels left.
You didn't know any spells.
Your spell library was empty.

Dungeon Overview and Level Annotations

Branches:
Dungeon (2/15)

Altars:


Innate Abilities, Weirdness & Mutations

Your plain brown scales are hard. (AC +5)
You cannot fit into any form of body armour.
You are cold-blooded and may be slowed by cold attacks.


Message History

You feel better.
The orc wizard hits you but does no damage.
The orc wizard casts a spell at you. The magic dart hits you!
The orc wizard completely misses you.
The orc wizard points at you and mumbles some strange words.
The magic dart hits you!
You regained 3 hp, and now have 12/36 hp.
Throwing (i - inventory)
e - a throwing net (quivered)
Press: ? - help, Shift-Dir - straight line, f - orc wizard
Aim: an orc wizard, wielding a +0 dagger and wearing a +0 robe (heavily You throw a throwing net.
The throwing net hits the orc wizard.
The orc wizard is caught in the net!
The orc wizard is heavily wounded.
The orc wizard gestures wildly while chanting.
The orc wizard blinks!
The orc wizard casts a spell at you. The magic dart hits you!
* * * LOW HITPOINT WARNING * * *
The worm bites you!
You die...

#......# #####+#+###......#
..........#......#
..............>...+......##
...................#.?.......
..................)†......>##
...................#########
...............o§w.#
................@..#
#.......†.........#
#........†.)......#
#........o........#
+....<............#
#.................#
#....############## #....
#....


You could see a worm and 2 orc wizards.

Vanquished Creatures
  An ooze (D:1)
  2 dart slugs (D:1)
  A leopard gecko (D:2)
  An orc (D:2)
  3 bats (D:1)
  A giant cockroach (D:1)
  3 goblins (D:1)
  3 hobgoblins
  2 kobolds (D:1)
  3 frilled lizards (D:1)
  7 rats
27 creatures vanquished.

Notes
Turn   | Place    | Note
-------+----------+-------------------------------------------
     0 | D:1      | namelastname112 the Draconian Wanderer began the quest for
                  | the Orb.
     0 | D:1      | namelastname112 set off with: a +2 hand axe, a +0 falchion,
                  | a potion of curing, a ration
     0 | D:1      | Reached XP level 1. HP: 22/22 MP: 1/1
    67 | D:1      | Reached XP level 2. HP: 20/28 MP: 2/2
   527 | D:1      | Reached skill level 5 in Fighting
   527 | D:1      | Reached XP level 3. HP: 34/36 MP: 3/3
   779 | D:2      | Slain by a worm

Vault maps used:
D:1:      mrwooster_arrival_statue_3, minmay_cupped
D:2:      nicolae_overflow_crystal_walls, minivault_4

Skill      XL: |  1  2 |
---------------+-------+-----
Dodging        | 2 |  2.1
Fighting       | 5 |  5.0
Short Blades   | |  1.0
Axes           | |  2.0
Throwing       | |  1.0
Evocations     | |  1.0

Action                   || total
-------------------------++-------
Melee: Hand axe          ||    29
       Short sword       ||    46
       Tailslap          ||     6
Throw: Throwing net      ||     1
  Use: Potion            ||     1
Armor: Skin              ||    24
Dodge: Dodged            ||    57

Table legend:
 A = Non-vault XP
 B = Vault XP
 C = Vault XP percentage of total XP
 D = Non-vault monster count
 E = Vault monster count
 F = Vault count percentage of total count
                 A         B        C        D         E       F
            +---------+---------+-------+---------+---------+-------
      Total |      47 |       4 |   7.8 |      24 |       3 |  11.1
            +---------+---------+-------+---------+---------+-------
        D:1 |      37 |       4 |   9.8 |      19 |       3 |  13.6
        D:2 |      10 |       0 |   0.0 |       5 |       0 |   0.0
            +---------+---------+-------+---------+---------+-------
